[Event "FIDE WCCC Girls-10 2024"]
[Site "Montesilvano"]
[Date "2024.11.19"]
[Round "5.1"]
[White "Berikkyzy Alanna"]
[Black "Yang, Aimee"]
[Result "1-0"]
[ECO "B11"]
[WhiteElo "2043"]
[BlackElo "1864"]
[Annotator "RC"]
[PlyCount "131"]
[EventDate "2024.11.18"]
[EventType "swiss"]
[EventCountry "ITA"]
[SourceTitle "playchess.com"]
[Source "ChessBase"]
[SourceQuality "1"]
[TimeControl "5400+30"]

1. e4 c6 2. Nc3 d5 3. Nf3 Bg4 4. d4 Nf6 5. e5 Nfd7 6. Be2 e6 7. Ng5 Bxe2 8. Nxe2 h6 9. Nh3 c5 10. c3 Nc6 11. O-O Be7 12. f4 f5 13. exf6 Nxf6 14. f5 exf5 15. Nhf4 Kf7 16. Ng3 Qd7 17. Qd3 cxd4 18. Nxf5 Ne5 19. Qh3 dxc3 20. Nh5 Neg4 21. Nxe7 Kxe7 22. bxc3 Nxh5 23. Qxh5 Nf6 24. Qg6 Rag8 25. Be3 Qe8 26. Qd3 Qc6 27. Bxa7 Rf8 28. Bd4 Kd7 29. a4 Qa6 30. Qg3 Rhg8 31. Rab1 Kc8 32. Rb5 Nd7 33. Rfb1 Rf7 34. Rxb7 Rf1+ 35. Rxf1 Qxb7 36. Qd6 g6 37. a5 Qc7 38. Qxd5 Rd8 39. Qb5 Qb7 40. Qc4+ Qc7 41. Qa6+ Qb7 42. Qxg6 Nb8 43. Bb6 Rh8 44. Qe6+ Qd7 45. Qxd7+ Nxd7 46. Bd4 Kc7 47. Bxh8 Kb7 48. Rf7 Kc6 49. a6 Kb6 50. Rxd7 Kxa6 51. g4 Kb5 52. h4 Kc6 53. Rd1 Kc5 54. g5 hxg5 55. hxg5 Kc6 56. g6 Kc7 57. g7 Kc6 58. g8=Q Kb5 59. Qd5+ Ka4 60. c4 Ka3 61. c5 Ka4 62. c6 Ka3 63. c7 Ka4 64. c8=Q Ka3 65. Ra1+ Kb4 66. Bc3# 1-0

[Event "FIDE WCCC Girls-10 2024"]
[Site "Montesilvano"]
[Date "2024.11.19"]
[Round "5.2"]
[White "Nandinjiguur, Chinzorig"]
[Black "Anistoroaei, Maria"]
[Result "1/2-1/2"]
[ECO "D52"]
[WhiteElo "1807"]
[BlackElo "1715"]
[Annotator "NA RC"]
[PlyCount "192"]
[EventDate "2024.11.18"]
[EventType "swiss"]
[EventCountry "ITA"]
[SourceTitle "playchess.com"]
[Source "ChessBase"]
[SourceQuality "1"]
[TimeControl "5400+30"]

1. d4 d5 2. c4 e6 3. Nc3 Nf6 4. Bg5 Nbd7 5. Nf3 c6 6. e3 Qa5 7. Nd2 Bb4 8. Qc2 O-O {[%emt 0:01:03] 8...0-0 was played by the boomers.} 9. Be2 Re8 10. O-O dxc4 {[%emt 0:03:00] D52: Queen's Gambit Declined: Cambridge Springs Variation.} 11. Bf4 b5 $146 ({Predecessor:} 11... Qd8 12. Nxc4 Nb6 13. Ne5 Nbd5 14. Bg3 Nxc3 15. bxc3 Be7 16. Rab1 Nd7 17. Nc4 b5 18. Nd6 Bxd6 19. Bxd6 {1-0 Jovanovic,A (2227)-Pribanovic,M (1877) Paracin-ch 2014 (6)}) 12. a4 Qb6 13. b3 cxb3 14. Qxb3 Bxc3 15. Qxc3 Nd5 16. Qb2 Nxf4 17. exf4 bxa4 18. Qc3 c5 19. Rxa4 cxd4 20. Rxd4 e5 21. Rb4 Qf6 22. Ne4 Qe7 23. Bf3 Ba6 24. Ra1 Rab8 25. Rxb8 Rxb8 26. h3 Bb7 27. Rxa7 Bxe4 28. Bxe4 exf4 29. Bf5 Qc5 30. Bxh7+ Kxh7 31. Qd3+ Kh8 32. Rxd7 Qe5 33. Rxf7 Qe1+ 34. Kh2 Qxf2 35. Qg6 Qg3+ 36. Qxg3 fxg3+ 37. Kxg3 Kh7 38. Kg4 Kg6 39. Rf4 Rb5 40. h4 Kh6 41. Rc4 Rb8 42. Rc6+ g6 43. Kh3 Ra8 44. Rc3 Rb8 45. g4 Rg8 46. g5+ Kh7 47. Rc7+ Kh8 48. Rc6 Kg7 49. Kg4 Rb8 50. Rc7+ Kg8 51. Rc4 Rb1 52. Kf4 Rb5 53. Ra4 Kf7 54. Ke4 Kg7 55. Rd4 Kf7 56. Ke3 Ke6 57. Kf4 Rc5 58. Re4+ Kf7 59. Ra4 Rb5 60. Ke4 Kg7 61. Ra7+ Kg8 62. Rd7 Kh8 63. Rd5 Rb7 64. Ke5 Rf7 65. Ke6 Rf4 66. Rd8+ Kg7 67. Rd7+ Kg8 68. Rb7 Kf8 69. Rb3 Kg7 70. Rb7+ Kg8 71. Rd7 Kf8 72. Ke5 Rf1 73. Rd6 Kg7 74. Rd4 Rf5+ 75. Ke4 Rf1 76. Rd7+ Kg8 77. Ke5 Rf2 78. Rb7 Rf3 79. Rb6 Kg7 80. Rb4 Rf5+ 81. Ke4 Rf1 82. Ke5 Rf5+ 83. Ke6 Rf2 84. Rb7+ Kg8 85. Re7 Rf4 86. Re8+ Kg7 87. Re7+ Kg8 88. Ke5 Rf1 89. Rd7 Rf2 90. Rd4 Rf5+ 91. Ke4 Rf1 92. Rd3 Kg7 93. Rf3 Re1+ 94. Kf4 Re7 95. Kg4 Re4+ 96. Kg3 $11 Re7 1/2-1/2

[Event "FIDE WCCC Girls-10 2024"]
[Site "Montesilvano"]
[Date "2024.11.19"]
[Round "5.3"]
[White "Peng, Jingyi(Gd)"]
[Black "Jaksa, Ema"]
[Result "1/2-1/2"]
[ECO "D11"]
[WhiteElo "1720"]
[BlackElo "1635"]
[Annotator "NA RC"]
[PlyCount "58"]
[EventDate "2024.11.18"]
[EventType "swiss"]
[EventCountry "ITA"]
[SourceTitle "playchess.com"]
[Source "ChessBase"]
[SourceQuality "1"]
[TimeControl "5400+30"]

1. Nf3 d5 2. g3 Bf5 3. Bg2 e6 4. O-O Nf6 5. c4 c6 6. Qb3 Qb6 7. d4 Nbd7 8. Nc3 Be7 9. Qxb6 axb6 10. b3 h6 11. h3 O-O 12. g4 Bh7 13. Bf4 Ne4 14. Nxe4 Bxe4 15. Ne5 Bxg2 16. Kxg2 Nxe5 17. Bxe5 Ra6 18. cxd5 exd5 19. a4 Rfa8 20. Rac1 Ra5 21. Bc7 Bd8 22. Bd6 Bf6 23. e3 Re8 24. Rfe1 Be7 25. Bc7 Bd8 26. Bd6 Be7 27. Bc7 Bd8 28. Bd6 Be7 29. Bc7 Bd8 1/2-1/2

[Event "FIDE WCCC Girls-10 2024"]
[Site "Montesilvano"]
[Date "2024.11.19"]
[Round "5.4"]
[White "Artemenko, Isabella"]
[Black "Cetin, Beren"]
[Result "0-1"]
[ECO "B24"]
[WhiteElo "1637"]
[BlackElo "1658"]
[Annotator "NA RC"]
[PlyCount "124"]
[EventDate "2024.11.18"]
[EventType "swiss"]
[EventCountry "ITA"]
[SourceTitle "playchess.com"]
[Source "ChessBase"]
[SourceQuality "1"]
[TimeControl "5400+30"]

1. e4 c5 2. Nc3 Nc6 3. g3 e6 4. Bg2 Nf6 5. d3 Be7 6. f4 d5 7. e5 Nd7 8. Nf3 b5 9. O-O b4 10. Ne2 O-O 11. Be3 a5 12. c3 Bb7 13. d4 c4 14. h3 a4 15. Nd2 a3 16. b3 bxc3 17. Nxc3 Bb4 18. Qc2 Qa5 19. Rfc1 cxb3 20. Nxb3 Qd8 21. Qf2 f6 22. Nxd5 exd5 23. Bxd5+ Kh8 24. Bxc6 Bxc6 25. Rxc6 fxe5 26. Qc2 exf4 27. Bxf4 Nf6 28. Be5 Rc8 29. Rc1 Rxc6 30. Qxc6 Nd7 31. Bd6 Bxd6 32. Qxd6 Qg5 33. Re1 Qf5 34. Qf4 Qxh3 35. Qh4 Qf5 36. Qh2 Nf6 37. Qg2 Qd3 38. Rf1 Re8 39. Rf3 Re1+ 40. Kh2 Qg6 41. Rf1 Qh6+ 42. Kg1 Re8 43. Qf2 Qh5 44. Qh2 Qg5 45. Qf2 Qg4 46. Qf3 Qg5 47. Qf4 Qg6 48. Qf2 h6 49. Qg2 Ne4 50. Kh2 Ng5 51. Rf2 Qh5+ 52. Kg1 Nh3+ 53. Kh2 Nf4+ 54. Kg1 Nxg2 55. Kxg2 Re2 56. Rxe2 Qxe2+ 57. Kh3 Qxa2 58. Nc5 Qd5 59. Kh2 a2 60. Kh3 a1=Q 61. Kg4 Qaxd4+ 62. Kh3 Qh1# 0-1

[Event "FIDE WCCC Girls-10 2024"]
[Site "Montesilvano"]
[Date "2024.11.19"]
[Round "5.5"]
[White "Samhita Pungavanam"]
[Black "Sholpanbek, Zhansaya"]
[Result "0-1"]
[ECO "C47"]
[WhiteElo "1752"]
[BlackElo "1657"]
[Annotator "NA RC"]
[PlyCount "70"]
[EventDate "2024.11.18"]
[EventType "swiss"]
[EventCountry "ITA"]
[SourceTitle "playchess.com"]
[Source "ChessBase"]
[SourceQuality "1"]
[TimeControl "5400+30"]

1. e4 e5 2. Nf3 Nc6 3. Nc3 Nf6 4. d4 exd4 5. Nxd4 Bb4 6. Nxc6 bxc6 7. Bd3 d5 8. exd5 cxd5 9. O-O O-O 10. Qf3 Rb8 11. Bg5 c6 12. h3 Bd6 13. Rab1 h6 14. Bh4 Re8 15. b3 g5 16. Bg3 g4 17. Qd1 gxh3 18. Qd2 Kg7 19. Ne2 c5 20. Nf4 hxg2 21. Nxg2 Bxg3 22. fxg3 Qd6 23. Nf4 Bb7 24. Qf2 Re7 25. Qh2 Qb6 26. c4 d4 27. Qh3 Qc6 28. Rf2 Bc8 29. Qh4 Qd6 30. Rh2 Ng4 31. Nh5+ Kf8 32. Rg2 Re3 33. Be2 Qg6 34. Nf4 Qxb1+ 35. Bf1 Bf5 0-1

[Event "FIDE WCCC Girls-10 2024"]
[Site "Montesilvano"]
[Date "2024.11.19"]
[Round "5.6"]
[White "Bayramova, Aya"]
[Black "Yunker, Alisa Genrietta"]
[Result "0-1"]
[ECO "D36"]
[WhiteElo "1634"]
[BlackElo "1872"]
[Annotator "NA RC"]
[PlyCount "86"]
[EventDate "2024.11.18"]
[EventType "swiss"]
[EventCountry "ITA"]
[SourceTitle "playchess.com"]
[Source "ChessBase"]
[SourceQuality "1"]
[TimeControl "5400+30"]

1. d4 d5 2. Nf3 e6 3. c4 Nf6 4. Nc3 Be7 5. Bg5 O-O 6. e3 c6 7. Bxf6 Bxf6 8. Qc2 Re8 9. Bd3 h6 10. cxd5 exd5 11. O-O Nd7 12. b4 Nf8 13. b5 Bd7 14. bxc6 Bxc6 15. Bb5 Rc8 16. Bxc6 bxc6 17. Na4 Ne6 18. Nc5 Qe7 19. Rac1 Nxc5 20. Qxc5 Qxc5 21. Rxc5 Be7 22. Ra5 Rc7 23. Rc1 Rec8 24. Kf1 f6 25. Ke2 Kf7 26. Kd3 Ke6 27. Nd2 Bb4 28. Ra6 Kd7 29. Nb3 Rb8 30. f3 f5 31. h3 Rb6 32. Rxb6 axb6 33. e4 fxe4+ 34. fxe4 dxe4+ 35. Kxe4 Kd6 36. Rf1 Re7+ 37. Kd3 Kc7 38. Nc1 Bd6 39. Ne2 Rd7 40. g4 c5 41. Kc4 Kc6 42. d5+ Kb7 43. Nf4 Rf7 0-1

[Event "FIDE WCCC Girls-10 2024"]
[Site "Montesilvano"]
[Date "2024.11.19"]
[Round "5.7"]
[White "Tselmuun, Ider"]
[Black "Khusnitdinova, Husnorakhon"]
[Result "1-0"]
[ECO "D02"]
[WhiteElo "1846"]
[BlackElo "1626"]
[Annotator "NA RC"]
[PlyCount "155"]
[EventDate "2024.11.18"]
[EventType "swiss"]
[EventCountry "ITA"]
[SourceTitle "playchess.com"]
[Source "ChessBase"]
[SourceQuality "1"]
[TimeControl "5400+30"]

1. d4 Nf6 2. Nf3 d5 3. g3 Bf5 4. c4 e6 5. Nc3 Be7 6. Nh4 Bg6 7. Nxg6 hxg6 8. Qb3 Nc6 9. cxd5 exd5 10. e3 Rb8 11. Bg2 Na5 12. Qc2 O-O 13. O-O Nc6 14. a3 Qd7 15. b4 b5 16. Bd2 a6 17. Rac1 Na7 18. Nd1 c6 19. Nb2 Rbc8 20. Nd3 Ne8 21. Rfe1 Nd6 22. Nc5 Qd8 23. Nxa6 Nc4 24. Ra1 Ra8 25. Nc5 Nc8 26. Bc1 N8b6 27. Qb3 Re8 28. Nd3 Bf6 29. Rf1 Ra7 30. Nb2 Qa8 31. Nxc4 Nxc4 32. Rd1 Ra4 33. Bf1 Be7 34. Bb2 Nxb2 35. Qxb2 Qa6 36. Qc3 Bf8 37. Rdc1 Re6 38. Bh3 f5 39. g4 Rf6 40. g5 Re6 41. Bg2 Qa8 42. Bf3 Kh7 43. h4 Be7 44. Kg2 Qb8 45. Rh1 Kg8 46. Bd1 Ra6 47. f4 Bf8 48. h5 Qe8 49. Rh3 gxh5 50. Bxh5 g6 51. Be2 Bg7 52. Kf2 Ra7 53. Rah1 Qa8 54. Ra1 Ra6 55. Bd3 Ra7 56. Bc2 Ra6 57. Ra2 Ra7 58. Qa1 Bf8 59. Qc3 Ra6 60. Rh1 Ra7 61. Rh4 Bg7 62. Rh3 Bf8 63. Rh1 Ree7 64. Kg2 Qe8 65. Rh3 Qa8 66. Ra1 Rh7 67. Rxh7 Kxh7 68. e4 dxe4 69. Rh1+ Kg8 70. Bb3+ Rf7 71. Bxf7+ Kxf7 72. Rh7+ Kg8 73. Rc7 c5 74. bxc5 e3+ 75. c6 Qb8 76. Qb3+ Kh8 77. Qf7 Qxc7 78. Qxc7 1-0

[Event "FIDE WCCC Girls-10 2024"]
[Site "Montesilvano"]
[Date "2024.11.19"]
[Round "5.8"]
[White "Pooja Shree R"]
[Black "Bhavanya Panchumarthi"]
[Result "1-0"]
[ECO "B72"]
[WhiteElo "1615"]
[BlackElo "1703"]
[Annotator "NA RC"]
[PlyCount "117"]
[EventDate "2024.11.18"]
[EventType "swiss"]
[EventCountry "ITA"]
[SourceTitle "playchess.com"]
[Source "ChessBase"]
[SourceQuality "1"]
[TimeControl "5400+30"]

1. e4 c5 2. Nf3 d6 3. d4 cxd4 4. Nxd4 Nf6 5. Nc3 g6 6. Be3 Nc6 7. f3 h5 8. Qd2 Nxd4 9. Bxd4 Bh6 10. Be3 Bxe3 11. Qxe3 Be6 12. Bb5+ Kf8 13. Ba4 Qa5 14. Bb3 Bxb3 15. cxb3 Kg7 16. O-O-O Rac8 17. Kb1 Rc6 18. Rd4 Qc5 19. Qd2 b5 20. Nd5 Nxd5 21. exd5 Rc7 22. b4 Qb6 23. g4 hxg4 24. fxg4 f6 25. h4 Rcc8 26. Re4 Rc7 27. Rhe1 Kf7 28. Qe2 Qb7 29. g5 f5 30. Rd4 a6 31. Rh1 Rh5 32. Rf1 Qc8 33. Rdf4 Qh8 34. Qe6+ Kg7 35. Qe3 Kf7 36. Qe6+ Kg7 37. Qe3 Qc8 38. Qe2 Qh8 39. Qd2 Kf7 40. Qf2 Qe5 41. Qf3 Qh8 42. Rh1 Qc8 43. Qe2 e5 44. dxe6+ Qxe6 45. Qf3 d5 46. Rd1 Rd7 47. Rfd4 Rh8 48. a3 Rhd8 49. h5 gxh5 50. Qxh5+ Qg6 51. Qh4 Kg7 52. Qf4 Qe6 53. g6 Qxg6 54. Qe5+ Qf6 55. Qg3+ Qg6 56. Qf2 Qf6 57. Rg1+ Kf7 58. Rf4 Ke6 59. Re1+ 1-0

[Event "FIDE WCCC Girls-10 2024"]
[Site "Montesilvano"]
[Date "2024.11.19"]
[Round "5.9"]
[White "Zhumambayeva Aliya"]
[Black "Filippova, Milana"]
[Result "1/2-1/2"]
[ECO "D26"]
[WhiteElo "1607"]
[BlackElo "1687"]
[Annotator "NA RC"]
[PlyCount "129"]
[EventDate "2024.11.18"]
[EventType "swiss"]
[EventCountry "ITA"]
[SourceTitle "playchess.com"]
[Source "ChessBase"]
[SourceQuality "1"]
[TimeControl "5400+30"]

1. d4 d5 2. c4 e6 3. Nc3 a6 4. e3 Nf6 5. Nf3 dxc4 6. Bxc4 b5 7. Bb3 Bb7 8. O-O Nbd7 9. a3 Be7 10. Bc2 c5 11. Qe2 cxd4 12. Nxd4 O-O 13. Rd1 Qc7 14. h3 Ne5 15. Bd2 Qc4 16. Bb3 Qxe2 17. Ncxe2 Ne4 18. Bc3 Nxc3 19. Nxc3 Rfd8 20. Rac1 Rac8 21. Nce2 Nc4 22. Bxc4 bxc4 23. f4 Be4 24. Rc3 Bf6 25. Kf2 Bd5 26. Rdc1 Rb8 27. R3c2 Rb7 28. Nc3 Bxd4 29. exd4 Rdb8 30. Na4 g6 31. Re1 Rb3 32. Ree2 Rd3 33. Rcd2 Rxd2 34. Rxd2 a5 35. Nc5 Rb5 36. Na4 Kf8 37. Nc3 Rb3 38. Re2 Rb8 39. Kg1 Rd8 40. Rd2 h5 41. g3 Ke7 42. Kf2 Kf6 43. Ke3 Kf5 44. Rf2 Rd7 45. Nd1 g5 46. Nc3 Rb7 47. Nd1 f6 48. Nc3 Rb8 49. Nd1 Rb3+ 50. Nc3 Kg6 51. Rd2 Kf5 52. Rf2 Bc6 53. fxg5+ Kxg5 54. Rd2 f5 55. Rf2 Be4 56. Rd2 Bd3 57. Rf2 Kh6 58. Kf4 Rb7 59. Ke5 Rd7 60. Rf4 Rg7 61. Rf3 Rd7 62. Rf4 Rg7 63. Rf3 Rd7 64. Rf4 Rg7 65. Kxe6 1/2-1/2

[Event "FIDE WCCC Girls-10 2024"]
[Site "Montesilvano"]
[Date "2024.11.19"]
[Round "5.10"]
[White "Constantin-Ciuntu, Anne-Sophie"]
[Black "Nguyen Doan, Bao Anh Angelina"]
[Result "0-1"]
[ECO "B23"]
[WhiteElo "1672"]
[BlackElo "1628"]
[Annotator "NA RC"]
[PlyCount "111"]
[EventDate "2024.11.18"]
[EventType "swiss"]
[EventCountry "ITA"]
[SourceTitle "playchess.com"]
[Source "ChessBase"]
[SourceQuality "1"]
[TimeControl "5400+30"]

1. e4 c5 2. Nc3 Nc6 3. f4 g6 4. Nf3 Bg7 5. Bc4 a6 6. a4 e6 7. d3 Nge7 8. O-O O-O 9. Qe1 d5 10. Bb3 Nd4 11. Nxd4 cxd4 12. Nd1 dxe4 13. Qxe4 Qc7 14. Bd2 Bd7 15. Nf2 Bc6 16. Qe2 Nf5 17. Ne4 a5 18. Rf3 Rfe8 19. Rh3 Bd5 20. Rc1 Qb6 21. g4 Bxb3 22. cxb3 Ne3 23. Nc5 Red8 24. Qf3 Rd5 25. b4 axb4 26. Nb3 Rxa4 27. Rc8+ Rd8 28. Rxd8+ Qxd8 29. Qxb7 Qd5 30. Qxd5 Nxd5 31. Kf2 Ra2 32. Bc1 Nxf4 33. Rf3 Nd5 34. Ke1 Ra6 35. Kd1 Rc6 36. h3 Ne3+ 37. Bxe3 dxe3 38. Rxe3 Bxb2 39. Re4 Bc3 40. d4 Ra6 41. Nc5 Ra1+ 42. Kc2 Rh1 43. Kb3 Rxh3 44. Kc2 h5 45. gxh5 Rxh5 46. Nd7 Kg7 47. Kb3 Rd5 48. Nc5 Rxd4 49. Re2 Rd5 50. Na4 g5 51. Rg2 Kg6 52. Nb6 Rd2 53. Rg3 f5 54. Nc4 Rh2 55. Re3 Kf6 56. Nb6 0-1

[Event "FIDE WCCC Girls-10 2024"]
[Site "Montesilvano"]
[Date "2024.11.19"]
[Round "5.11"]
[White "Yi, Ruiyu"]
[Black "Wang, Yi Xuan"]
[Result "0-1"]
[ECO "D35"]
[WhiteElo "1571"]
[BlackElo "1668"]
[Annotator "NA RC"]
[PlyCount "131"]
[EventDate "2024.11.18"]
[EventType "swiss"]
[EventCountry "ITA"]
[SourceTitle "playchess.com"]
[Source "ChessBase"]
[SourceQuality "1"]
[TimeControl "5400+30"]

1. d4 d5 2. c4 e6 3. Nc3 Nf6 4. cxd5 exd5 5. Bg5 c6 6. e3 Be7 7. Bd3 Nbd7 8. Nge2 h6 9. Bh4 Nh5 10. Bxe7 Qxe7 11. O-O O-O 12. Ng3 Nxg3 13. hxg3 Nf6 14. Rb1 Ng4 15. Re1 Qg5 16. Be2 Re8 17. Bxg4 Bxg4 18. Qd2 Bf5 19. Rbc1 Re7 20. b4 h5 21. b5 h4 22. gxh4 Qxh4 23. f3 Rae8 24. Qf2 Qg5 25. bxc6 bxc6 26. Nd1 Re6 27. Rc5 Qh5 28. Qg3 Rg6 29. Qf4 Bh3 30. Rc2 Ree6 31. Rf1 Ref6 32. Qb8+ Kh7 33. f4 Qg4 34. Qb2 Qg3 35. Rcf2 Bg4 36. Qc2 Rf5 37. e4 Rh5 38. Rd2 Qh2+ 39. Kf2 Qxf4+ 40. Ke1 Qxe4+ 41. Qxe4 dxe4 42. Ne3 f5 43. d5 cxd5 44. Rxd5 Rgg5 45. Nxg4 Rxg4 46. Rfxf5 Rxf5 47. Rxf5 Rxg2 48. Ra5 Kg6 49. Rxa7 Kf5 50. Kf1 Rg3 51. Rf7+ Ke5 52. a4 g5 53. Kf2 Ra3 54. Re7+ Kf4 55. Rf7+ Kg4 56. Ra7 e3+ 57. Ke2 Kg3 58. Re7 g4 59. a5 Kg2 60. Rxe3 Rxa5 61. Re4 g3 62. Rg4 Re5+ 63. Kd3 Kf3 64. Rg8 g2 65. Rf8+ Kg4 66. Kd4 0-1

[Event "FIDE WCCC Girls-10 2024"]
[Site "Montesilvano"]
[Date "2024.11.19"]
[Round "5.12"]
[White "Rzadkowska, Lila"]
[Black "Ahmadli, Mehriban"]
[Result "0-1"]
[ECO "E76"]
[WhiteElo "1765"]
[BlackElo "1624"]
[Annotator "NA RC"]
[PlyCount "60"]
[EventDate "2024.11.18"]
[EventType "swiss"]
[EventCountry "ITA"]
[SourceTitle "playchess.com"]
[Source "ChessBase"]
[SourceQuality "1"]
[TimeControl "5400+30"]

1. d4 Nf6 2. c4 g6 3. Nc3 Bg7 4. e4 d6 5. f4 O-O 6. Nf3 c5 7. d5 e6 8. dxe6 Bxe6 9. Bd3 Nc6 10. f5 Bc8 11. O-O Re8 12. Bg5 h6 13. Bxf6 Bxf6 14. Qd2 g5 15. h3 Bxc3 16. bxc3 Ne5 17. h4 Nxd3 18. Qxd3 g4 19. Nd2 Qxh4 20. Qxd6 Qg5 21. Qf4 Bd7 22. Nb3 b6 23. Qc7 Qe3+ 24. Kh1 Qg5 25. Kg1 Rxe4 26. Rae1 Rxe1 27. Rxe1 Bxf5 28. Re5 Rd8 29. Re1 g3 30. Qc6 Qe3+ 0-1

[Event "FIDE WCCC Girls-10 2024"]
[Site "Montesilvano"]
[Date "2024.11.19"]
[Round "5.13"]
[White "Mukhorina, Mariya Dm"]
[Black "Bakhshi, Rana"]
[Result "1-0"]
[ECO "B75"]
[WhiteElo "1567"]
[BlackElo "1727"]
[Annotator "NA RC"]
[PlyCount "63"]
[EventDate "2024.11.18"]
[EventType "swiss"]
[EventCountry "ITA"]
[SourceTitle "playchess.com"]
[Source "ChessBase"]
[SourceQuality "1"]
[TimeControl "5400+30"]

1. e4 c5 2. Nf3 d6 3. d4 cxd4 4. Nxd4 Nf6 5. Nc3 g6 6. Be3 Nc6 7. f3 h5 8. Bc4 Bd7 9. Qd2 Bg7 10. O-O-O Na5 11. Bd3 Rc8 12. Kb1 Nc4 13. Bxc4 Rxc4 14. Nde2 a6 15. Bd4 O-O 16. e5 Ne8 17. exd6 Nxd6 18. Bxg7 Kxg7 19. Nd5 Nb5 20. Ne3 Rc7 21. h4 Qe8 22. g4 hxg4 23. fxg4 f6 24. h5 Be6 25. hxg6 Rh8 26. Nf4 Rc6 27. Nf5+ Bxf5 28. gxf5 Rxh1 29. Rxh1 Kg8 30. Rh8+ Kg7 31. Rxe8 Rd6 32. Nh5# 1-0

[Event "FIDE WCCC Girls-10 2024"]
[Site "Montesilvano"]
[Date "2024.11.19"]
[Round "5.14"]
[White "Tran Hoang Bao An"]
[Black "Saltkhutsishvili, Sara"]
[Result "1-0"]
[ECO "D36"]
[WhiteElo "1714"]
[BlackElo "1546"]
[Annotator "NA RC"]
[PlyCount "139"]
[EventDate "2024.11.18"]
[EventType "swiss"]
[EventCountry "ITA"]
[SourceTitle "playchess.com"]
[Source "ChessBase"]
[SourceQuality "1"]
[TimeControl "5400+30"]

1. d4 d5 2. c4 e6 3. Nc3 Be7 4. cxd5 exd5 5. Qc2 Nf6 6. Bg5 O-O 7. e3 c6 8. Bd3 h6 9. Bh4 Re8 10. Nf3 Ne4 11. Bxe7 Qxe7 12. Ne5 f6 13. Ng6 Qf7 14. Nxe4 Qxg6 15. Ng3 Qg4 16. Bh7+ Kh8 17. Bg6 Rf8 18. h3 Qe6 19. Nf5 Qe4 20. Qxe4 dxe4 21. Nd6 Be6 22. Bxe4 Na6 23. Nxb7 Rab8 24. Bxc6 Nb4 25. Be4 f5 26. Bf3 Nc2+ 27. Kd2 Nxa1 28. Rxa1 Bc8 29. Nd6 Rxb2+ 30. Ke1 Ba6 31. a3 Rf6 32. Ne8 Rfb6 33. d5 Rc2 34. Bd1 Rc8 35. Ba4 Rd8 36. Nc7 Bb7 37. Rd1 Rbd6 38. Bb3 a6 39. f3 Kg8 40. e4 Rb6 41. Rd3 Rd7 42. d6+ Kh7 43. e5 a5 44. Be6 Rd8 45. Bxf5+ g6 46. e6 Rbxd6 47. Rxd6 Rxd6 48. e7 Bc6 49. Be4 Bd7 50. e8=Q Bxe8 51. Nxe8 Rd8 52. Bc6 Rc8 53. Bb5 Rb8 54. a4 g5 55. Nd6 Kg6 56. Nc4 Ra8 57. Kf2 Kf5 58. Ke3 Ra7 59. g4+ Ke6 60. Kd4 Rf7 61. Bc6 Ra7 62. Kc5 Kf6 63. Kb6 Re7 64. Nxa5 Re1 65. Nb7 Rh1 66. a5 Rxh3 67. a6 Rh1 68. a7 Rb1+ 69. Ka6 Ra1+ 70. Na5 1-0

[Event "FIDE WCCC Girls-10 2024"]
[Site "Montesilvano"]
[Date "2024.11.19"]
[Round "5.15"]
[White "Norkulova, Malika"]
[Black "Tu, Tiffany"]
[Result "1-0"]
[ECO "D35"]
[WhiteElo "1480"]
[BlackElo "1687"]
[Annotator "NA RC"]
[PlyCount "63"]
[EventDate "2024.11.18"]
[EventType "swiss"]
[EventCountry "ITA"]
[SourceTitle "playchess.com"]
[Source "ChessBase"]
[SourceQuality "1"]
[TimeControl "5400+30"]

1. c4 e6 2. Nc3 d5 3. cxd5 exd5 4. d4 Nf6 5. Bg5 c6 6. e3 Bd6 7. Bd3 Nbd7 8. Nge2 O-O 9. f3 Qc7 10. Bf4 Bxf4 11. Nxf4 Re8 12. Qe2 Nb6 13. O-O Bd7 14. Rac1 Qd6 15. Qd2 Rac8 16. b3 a6 17. Bb1 Re7 18. e4 dxe4 19. fxe4 Rce8 20. Rcd1 Qb4 21. e5 Ng4 22. h3 Nh6 23. Ncd5 Qa3 24. Nxb6 Be6 25. Nxe6 Rxe6 26. Nc4 Qe7 27. Nd6 Rd8 28. Qf4 f6 29. Nf5 Qf7 30. Nxh6+ gxh6 31. Qxh6 Rf8 32. exf6 1-0

[Event "FIDE WCCC Girls-10 2024"]
[Site "Montesilvano"]
[Date "2024.11.19"]
[Round "5.16"]
[White "Meng, Miranda"]
[Black "Tykalova, Barbora"]
[Result "1-0"]
[ECO "E67"]
[WhiteElo "1675"]
[BlackElo "1596"]
[Annotator "NA RC"]
[PlyCount "85"]
[EventDate "2024.11.18"]
[EventType "swiss"]
[EventCountry "ITA"]
[SourceTitle "playchess.com"]
[Source "ChessBase"]
[SourceQuality "1"]
[TimeControl "5400+30"]

1. d4 Nf6 2. c4 g6 3. Nf3 Bg7 4. g3 O-O 5. Bg2 d6 6. O-O Nbd7 7. Nc3 e5 8. d5 Ne8 9. e4 a5 10. a4 Nc5 11. b3 f5 12. Nd2 f4 13. Ba3 Na6 14. Qc2 Bg4 15. h3 Bd7 16. Kh2 Qg5 17. Nf3 Qh5 18. Qe2 Nf6 19. Rh1 Rf7 20. Kg1 fxg3 21. fxg3 g5 22. g4 Qg6 23. c5 Nb4 24. Rc1 Re8 25. cxd6 cxd6 26. Nd2 Ra8 27. Nc4 Bf8 28. Nxa5 Nbxd5 29. Nxd5 Rxa5 30. Bb4 Ra8 31. Nb6 Rd8 32. Nxd7 Rfxd7 33. Kh2 Bg7 34. Rhf1 d5 35. exd5 Nxd5 36. Bxd5+ Rxd5 37. Qc4 Qe6 38. Rcd1 Kh8 39. Ba5 R8d6 40. Rxd5 Rxd5 41. Rd1 Rd6 42. Qxe6 Rxe6 43. Rd8+ 1-0

[Event "FIDE WCCC Girls-10 2024"]
[Site "Montesilvano"]
[Date "2024.11.19"]
[Round "5.17"]
[White "Blakhina Viktoryia"]
[Black "Stoica, Melina-Theodora"]
[Result "1-0"]
[ECO "B11"]
[WhiteElo "1436"]
[BlackElo "1675"]
[Annotator "NA RC"]
[PlyCount "115"]
[EventDate "2024.11.18"]
[EventType "swiss"]
[EventCountry "ITA"]
[SourceTitle "playchess.com"]
[Source "ChessBase"]
[SourceQuality "1"]
[TimeControl "5400+30"]

1. e4 c6 2. Nc3 d5 3. Nf3 Bg4 4. Qe2 e6 5. exd5 cxd5 6. Qb5+ Qd7 7. Ne5 Qxb5 8. Bxb5+ Kd8 9. Nxg4 a6 10. Be2 Nc6 11. h3 f5 12. Nh2 Nf6 13. d3 d4 14. Nb1 Nb4 15. Kd1 Rc8 16. c3 dxc3 17. Nxc3 Nfd5 18. Bg5+ Be7 19. Bxe7+ Kxe7 20. Nxd5+ exd5 21. a3 Nc2 22. Rc1 Nd4 23. Nf3 Rxc1+ 24. Kxc1 Rc8+ 25. Kb1 Kd6 26. Nh2 Ke7 27. Bf3 Kd6 28. Rc1 Rxc1+ 29. Kxc1 Nb3+ 30. Kc2 Nd4+ 31. Kc3 Nb5+ 32. Kb4 Nd4 33. Nf1 Nc6+ 34. Kc3 Ne5 35. d4 Nxf3 36. gxf3 b6 37. f4 g6 38. h4 Ke6 39. Nd2 Kd6 40. Nf3 h6 41. Ne5 Ke6 42. Nxg6 Kf6 43. h5 Ke6 44. Ne5 Ke7 45. Kb4 Ke6 46. a4 Ke7 47. a5 b5 48. Kc5 Ke6 49. Kb6 Ke7 50. Kxa6 Ke6 51. Kxb5 Kd6 52. Kb6 Ke7 53. a6 Ke6 54. a7 Ke7 55. a8=Q Kd6 56. Qd8+ Ke6 57. Qd7+ Kf6 58. Qf7# 1-0

[Event "FIDE WCCC Girls-10 2024"]
[Site "Montesilvano"]
[Date "2024.11.19"]
[Round "5.18"]
[White "Macakova, Bianka"]
[Black "Kuvandikova, Nafisa"]
[Result "0-1"]
[ECO "B42"]
[WhiteElo "1610"]
[BlackElo "1512"]
[Annotator "NA RC"]
[PlyCount "104"]
[EventDate "2024.11.18"]
[EventType "swiss"]
[EventCountry "ITA"]
[SourceTitle "playchess.com"]
[Source "ChessBase"]
[SourceQuality "1"]
[TimeControl "5400+30"]

1. e4 c5 2. Nf3 e6 3. d4 cxd4 4. Nxd4 a6 5. Bd3 Nf6 6. Qe2 d6 7. O-O Be7 8. f4 Qc7 9. Kh1 O-O 10. c4 Nbd7 11. Nc3 Nc5 12. Bb1 b6 13. e5 Nfd7 14. b4 Nb7 15. Qd3 g6 16. exd6 Nxd6 17. Qf3 Qxc4 18. Nde2 Bb7 19. Qh3 Bf6 20. Rd1 Qc7 21. Bb2 Bg7 22. Bc2 Nf6 23. Nd4 Nde4 24. Qe3 Nxc3 25. Bxc3 Nd5 26. Nxe6 fxe6 27. Qxe6+ Kh8 28. Bxg7+ Kxg7 29. Bxg6 hxg6 30. Rxd5 Bxd5 31. Qxd5 Rad8 32. Qb3 Qxf4 33. h3 Qf2 34. Qc3+ Qf6 35. Qxf6+ Rxf6 36. Rc1 Rd2 37. a4 Rff2 38. Rg1 Ra2 39. b5 a5 40. Kh2 Rxa4 41. Kg3 Rb2 42. Rc1 Rxb5 43. Rc7+ Kh6 44. Rc8 Rb3+ 45. Kh2 Ra2 46. Rc1 a4 47. h4 a3 48. Rf1 Re2 49. Rd1 a2 50. Rf1 Rb1 51. Rh1 Rxh1+ 52. Kxh1 a1=Q+ 0-1